 Dungeon Crawl Stone Soup version 0.30-a0-187-gd9c2deaf24 (webtiles) character file.

Game seed: 18096230660955452797

149762 Zonian the Unseen (level 17, -1/100 HPs)
             Began as a Vine Stalker Brigand on Oct 3, 2022.
             Was the Champion of Uskayaw.
             Slain by a salamander mystic
             ... wielding a +0 scimitar
              (12 damage)
             ... on level 4 of the Snake Pit on Oct 4, 2022.
             The game lasted 01:32:55 (32685 turns).

Zonian the Unseen (Vine Stalker Brigand)           Turns: 32685, Time: 01:32:56

Health: -1/100     AC: 11    Str: 14    XL:     17   Next: 52%
Magic:  0/34       EV: 15    Int: 11    God:    Uskayaw [******]
Gold:   1292       SH: 15    Dex: 26    Spells: 22/26 levels left

rFire   . . .      SeeInvis +    A - +7 dagger (speed)
rCold   . . .      Faith    .    P - +3 buckler {reflect}
rNeg    + . .      Spirit   +    S - +0 leather armour "Exuu" {Str-5 Dex+3 Slay+5 Stlth+}
rPois   +          Reflect  +    x - +1 helmet
rElec   .          Harm     .    c - +0 cloak
rCorr   .          Rampage  .    i - +1 pair of gloves
Will    ++...                    l - +1 pair of boots
Stlth   ++++++++..               F - amulet "Daubluq" {Reflect rPois rN+ SH+5}
HPRegen 1.16/turn                z - ring of Jeunysec {Dex+4 SInv}
MPRegen 0.24/turn                R - ring of magical power

@: about to teleport, wereblooded, constricted
A: fangs 3, regeneration 1, magic shield, antimagic bite, no potion heal 2
a: Renounce Religion, Stomp, Line Pass, Grand Finale


You were on level 4 of the Snake Pit.
You worshipped Uskayaw.
Uskayaw was aware of your devotion.
You visited 5 branches of the dungeon, and saw 27 of its levels.
You also visited: Gauntlet.

You collected 2338 gold pieces.
You spent 1046 gold pieces at shops.

Inventory:

Hand Weapons
 n - the +3 halberd of Division {venom, rPois Int+4 Stlth-}
   (You found it on level 13 of the Dungeon)

   It poisons the flesh of those it strikes.
   Int:       It affects your intelligence (+4).
   rPois:     It protects you from poison.
   Stlth:     It makes you less stealthy.
 A - a +7 dagger of speed (weapon)
 T - a +3 short sword of electrocution
 U - the +6 long sword of Purpose {flame, rElec Str+3}
   (You found it on level 11 of the Dungeon)

   It burns those it strikes, dealing additional fire damage.
   Big, fiery blades are also staple armaments of hydra-hunters.
   Str:       It affects your strength (+3).
   rElec:     It insulates you from electricity.
Missiles
 a - a boomerang of dispersal
 d - 10 poisoned darts (quivered)
 e - 12 curare-tipped darts
 f - a throwing net
 G - 13 javelins
 Z - 8 atropa-tipped darts
Armour
 c - a +0 cloak (worn)
 i - a +1 pair of gloves (worn)
 l - a +1 pair of boots (worn)
 x - a +1 helmet (worn)
 B - an orb of wrath
 P - a +3 buckler of reflection (worn)
 S - the +0 leather armour "Exuu" (worn) {Str-5 Dex+3 Slay+5 Stlth+}
   (You found it on level 4 of the Lair of Beasts)

   Str:       It affects your strength (-5).
   Dex:       It affects your dexterity (+3).
   Slay:      It affects your accuracy & damage with ranged weapons and melee
   (+5).
   Stlth:     It makes you more stealthy.
Jewellery
 s - an amulet of the acrobat
 t - a ring of flight
 z - the ring of Jeunysec (left hand) {Dex+4 SInv}
   (You bought it in a shop on level 2 of the Orcish Mines)

   [ring of see invisible]

   Dex:       It affects your dexterity (+4).
   SInv:      It lets you see invisible.
 F - the amulet "Daubluq" (around neck) {Reflect rPois rN+ SH+5}
   (You acquired it in a Gauntlet)

   [amulet of reflection]

   It reflects blocked missile attacks.
   rPois:     It protects you from poison.
   rN:        It protects you from negative energy.
   SH:        It affects your SH (+5).
 J - the ring of Happiness {rCorr Stlth+}
   (You took it off a minotaur in a Gauntlet)

   [ring of resist corrosion]

   rCorr:     It protects you from acid and corrosion.
   Stlth:     It makes you more stealthy.
 N - a +6 ring of dexterity
 R - a ring of magical power (right hand)
Wands
 m - a wand of acid (11)
 p - a wand of iceblast (5)
 w - a wand of flame (16)
 H - a wand of mindburst (5)
 W - a wand of paralysis (30)
Scrolls
 g - 5 scrolls of teleportation
 j - 5 scrolls of blinking
 y - 4 scrolls of silence
 D - 2 scrolls of magic mapping
 I - 2 scrolls of butterflies
 L - a scroll of fear
 V - 2 scrolls of summoning
Potions
 k - a potion of ambrosia
 o - 4 potions of cancellation
 q - 2 potions of might
 r - 4 potions of lignification
 u - 3 potions of flight
 v - 3 potions of brilliance
 C - 2 potions of magic
 E - a potion of resistance
 K - a potion of berserk rage
 M - 6 potions of curing
 O - 2 potions of mutation
 X - 2 potions of haste
Miscellaneous
 h - a lightning rod (4/4)
 Q - a tin of tremorstones (2/2)


   Skills:
 - Level 15.6 Fighting
 - Level 10.0 Short Blades
 - Level 8.0 Throwing
 - Level 5.0 Armour
 - Level 8.0 Dodging
 - Level 17.6 Stealth
 - Level 5.0 Shields
 - Level 5.0 Spellcasting
 + Level 7.4 Translocations
 + Level 7.4 Transmutations
 - Level 8.9 Invocations
 + Level 2.1 Evocations


You had 22 spell levels left.
You knew the following spells:

 Your Spells              Type           Power      Damage    Failure   Level
a - Wereblood             Tmut           19%        N/A       2%          2
b - Blink                 Tloc           38%        N/A       2%          2

Your spell library contained the following spells:

 Spells                   Type           Power      Damage    Failure   Level
 Apportation              Tloc           38%        N/A       1%          1
 Passwall                 Tmut/Erth      8%         N/A       11%         2
 Manifold Assault         Tloc           19%        N/A       16%         4
 Vhi's Electric Charge    Tloc/Air       20%        N/A       22%         3
 Kiss of Death            Conj/Necr      8%         2d6       32%         1
 Slow                     Hex            8%         N/A       32%         1
 Ignite Poison            Fire/Tmut/Pois 8%         N/A       36%         3
 Kindle Blastsparks       Fire/Tloc/Air  16%        2d11      36%         3
 Ensorcelled Hibernation  Hex/Ice        4%         N/A       45%         2
 Sublimation of Blood     Necr           2%         N/A       45%         2
 Iskenderun's Mystic Bla  Conj/Tloc      10%        2d4       58%         4
 Petrify                  Tmut/Erth      10%        N/A       58%         4
 Confusing Touch          Hex            2%         N/A       69%         3
 Mephitic Cloud           Conj/Pois/Air  2%         N/A       69%         3
 Swiftness                Air            2%         N/A       69%         3
 Vampiric Draining        Necr           2%         2d6       69%         3
 Summon Forest            Summ/Tloc      5%         N/A       90%         5
 Yara's Violent Unravell  Hex/Tmut       5%         3d4       90%         5
 Anguish                  Hex/Necr       1%         N/A       97%         4
 Animate Dead             Necr           2%         N/A       97%         4
 Cause Fear               Hex            1%         N/A       97%         4
 Dispel Undead            Necr           2%         3d7       97%         4
 Olgreb's Toxic Radiance  Pois           2%         N/A       97%         4
 Borgnjor's Vile Clutch   Necr/Erth      1%         N/A       100%        5
 Freezing Cloud           Conj/Ice/Air   1%         6-21      100%        5
 Metabolic Englaciation   Hex/Ice        1%         N/A       100%        5
 Death Channel            Necr           1%         N/A       100%        6
 Eringya's Noxious Bog    Tmut/Pois      5%         N/A       100%        6
 Statue Form              Tmut/Erth      6%         N/A       100%        6
 Dragon Form              Tmut           9%         N/A       100%        7
 Enfeeble                 Hex            1%         N/A       100%        7
 Ozocubu's Refrigeration  Ice            1%         4d7       100%        7
 Storm Form               Tmut/Air       5%         N/A       100%        7
 Summon Hydra             Summ           1%         N/A       100%        7
 Ignition                 Fire           1%         3d3       100%        8
 Death's Door             Necr           1%         N/A       100%        9
 Dragon's Call            Summ           1%         N/A       100%        9


Dungeon Overview and Level Annotations

Branches:
Dungeon (15/15)            Temple (1/1) D:6            Lair (5/5) D:8
  Swamp (0/4) Lair:2        Snake (4/4) Lair:3        Slime (0/5) Lair:4
    Orc (2/2) D:9             Elf (0/3) Orc:2        Vaults (0/5) D:13
 Depths (0/4) D:15        Gauntlet (visited)

Altars:
Ashenzari
Cheibriados
Dithmenos
Elyvilon
Fedhas
Gozag
Hepliaklqana
Kikubaaqudgha
Makhleb
Nemelex Xobeh
Okawaru
Qazlal
Ru
Sif Muna
Trog
Uskayaw
Vehumet
Wu Jian
Xom
Yredelemnul
The Shining One
Lugonu

Shops:
D:9 [   D:12 *   D:14 =   Orc:1 :   Orc:2 [=((   Snake:1 =*   Snake:4 :==

Portals:
Abyss: Lair:5

Annotations:
D:11 exclusion: rime drake
D:12 2 transporters, Chaicat's ghost, journeyman HOFi
Lair:2 exclusion: 2 oklob plants
Snake:3 2 transporters, Bupsiose's ghost, adept DrCj


Innate Abilities, Weirdness & Mutations

You have razor-sharp teeth.
Your natural rate of healing is unusually fast.
When hurt, damage is shared between your health and your magic reserves.
Your bite disrupts and absorbs the magic of your enemies.
Potions cannot restore your health.


Message History

The guardian serpent's magic leaks into the air.
You drain its magic.
You feel invigorated.
The guardian serpent is moderately wounded.
You puncture the guardian serpent! You bite the guardian serpent!!
The guardian serpent's magic leaks into the air.
You drain its magic.
The guardian serpent is severely wounded.
The guardian serpent closely misses you.
The salamander closely misses you.
The naga warrior roars a battlecry!
The nagas go into a battle-frenzy!
The naga warrior constricts you.
The naga sharpshooter unwields a +0 glaive.
The naga sharpshooter wields a +0 longbow.
The naga sharpshooter shoots an arrow.
The arrow hits you!! The salamander completely misses you.
You closely miss the guardian serpent.
The guardian serpent is severely wounded.
The salamander mystic hits you with a +0 scimitar!!
You are engulfed in flames!
The guardian serpent hits you but does no damage.
Unknown command.
You hit the guardian serpent.
The guardian serpent is almost dead.
You block the naga warrior's attack. The naga warrior constricts you.
The salamander hits you with a +0 spear!
You are engulfed in flames!
The salamander hits you with a +4 trident!!
* * * LOW HITPOINT WARNING * * *
You are engulfed in flames!
* * * LOW HITPOINT WARNING * * *
As you read the scroll of teleportation, it crumbles to dust.
You feel strangely unstable.
You howl as the wereblood boils in your veins!
You block the guardian serpent's attack.
The naga sharpshooter unwields a +0 longbow.
The naga sharpshooter wields a +0 glaive.
You block the naga sharpshooter's attack.
The salamander mystic hits you with a +0 scimitar!
You die...

##### ##...# #####.####
### #.##.## #.# ##..##
#.# #..## ##### #.#
#...###.NN##
#.#####...##!.)@N##
#.##......#...NNS.#
##.........#..)....'.≈≈≈
......###..#...).).#.≈≈≈
#.....###..##.....## .§≈
##.....#.).)##...#'## §≈
#.......##'#####+..# ≈
##.....###).≈≈≈#...## #
##....[.###..≈≈§##...##
##


You could see a naga warrior (catching breath), a naga sharpshooter (strong,
catching breath), a salamander mystic (strong), 2 salamanders and a guardian
serpent (magic disrupted).

Vanquished Creatures
  Mara (Snake:4)
  Mlioglotl (Snake:1)
  Kirke (D:13)
  Aizul (Snake:3)
  An orc warlord (Orc:1)
  A minotaur (Gauntlet)
  A spark wasp (shapeshifter) (Lair:5)
  2 salamander tyrants
  Erolcha (Orc:1)
  2 boulder beetles
  6 hydras
  2 catoblepae (D:15)
  5 centaur warriors
  4 ogre magi (Orc:2)
  7 anacondas
  15 two-headed ogres
  14 naga warriors
  A vampire mage (D:15)
  6 death yaks
  3 thrashing horrors (Lair:5)
  Urug (Lair:1)
  3 naga sharpshooters
  6 shock serpents
  Nergalle (D:12)
  A storm dragon zombie (D:15)
  Sonja (Lair:4)
  4 salamander mystics
  6 skeletal warriors
  2 naga ritualists
  A large abomination (Lair:5)
  10 sea snakes (Snake:2)
  2 bog bodies (Lair:2)
  A wizard (D:13)
  A golden dragon skeleton (D:15)
  A lindwurm (Snake:4)
  A necromancer (D:15)
  A deep elf zephyrmancer (D:13)
  2 deep elf pyromancers
  7 ugly things
  3 mana vipers
  A fire giant zombie (D:15)
  6 cyclopes
  2 orc knights (D:15)
  An orc sorcerer (D:15)
  5 elephants (Lair:5)
  A salamander (shapeshifter) (D:13)
  2 manticores
  17 salamanders
  A fire giant skeleton (D:15)
  20 black mambas
  6 guardian serpents
  10 naga magi
  5 smoke demons (Lair:5)
  14 cane toads
  3 gargoyles
  An eye of devastation (Gauntlet)
  Psyche (D:12)
  A kobold demonologist (D:12)
  5 rime drakes
  4 komodo dragons
  A freezing wraith (D:15)
  An unseen horror (D:12)
  A queen bee (Gauntlet)
  An ancient zyme (Lair:5)
  8 trolls
  3 polar bears
  3 meliai (Gauntlet)
  2 hornets
  33 blink frogs
  Prince Ribbit (D:6)
  Sigmund (D:5)
  2 water elementals (D:14)
  2 spriggans (Lair:5)
  24 yaks
  2 shadows
  2 wraiths
  4 wyverns
  5 hogs (D:13)
  A ynoxinul (Lair:5)
  7 basilisks
  Eustachio (D:4)
  A chaos spawn (Lair:5)
  A steam dragon (D:10)
  15 vampire mosquitoes
  A warg (Orc:1)
  42 nagas
  11 water moccasins
  4 acid dragons
  11 small abominations (Lair:5)
  A floating eye (Gauntlet)
  22 orc warriors
  An ice beast (D:7)
  A sky beast (D:7)
  2 black bears
  28 ogres
  8 boggarts
  14 wolves
  11 centaurs
  A kobold brigand (D:8)
  Blork the orc (D:6)
  A necrophage (D:7)
  4 gnoll sergeants
  4 scorpions
  10 bullfrogs
  3 wights (D:7)
  19 killer bees
  3 howler monkeys
  7 electric eels
  2 hounds
  2 jellies (D:6)
  2 gnoll boudas
  17 orc priests
  2 iguanas
  10 orc wizards
  7 hell rats (Lair:3)
  Robin (D:4)
  32 gnolls
  10 adders
  A white imp (D:5)
  2 ufetubi
  3 worms
  94 orcs
  4 bats
  9 endoplasms
  4 giant cockroaches
  14 goblins
  6 hobgoblins
  2 quokkas
  7 ball pythons
  7 frilled lizards
  7 kobolds
  8 rats
821 creatures vanquished.

Vanquished Creatures (others)
  42 fungi
  30 plants
  2 withered plants (D:15)
74 creatures vanquished.

Grand Total: 895 creatures vanquished

Notes
Turn   | Place    | Note
-------+----------+-------------------------------------------
     0 | D:1      | Zonian the Vine Stalker Brigand began the quest for the
                  | Orb.
     0 | D:1      | Reached XP level 1. HP: 11/11 MP: 2/2
    98 | D:1      | Reached skill level 1 in Dodging
    98 | D:1      | Reached XP level 2. HP: 15/15 MP: 3/3
   141 | D:1      | Reached skill level 5 in Stealth
   285 | D:1      | Reached XP level 3. HP: 9/18 MP: 1/4
   400 | D:1      | Found a faded altar of an unknown god.
  1219 | D:1      | Found a broken altar of Ashenzari.
  1274 | D:2      | Gained mutation: Your natural rate of healing is unusually
                  | fast. [Vine Stalker growth]
  1274 | D:2      | Reached XP level 4. HP: 15/23 MP: 2/5
  1798 | D:2      | Identified the +0 whip of Optit {holy, Dex+6}
  2882 | D:3      | Reached XP level 5. HP: 27/27 MP: 6/6
  3678 | D:4      | Noticed Robin
  3724 | D:4      | Killed Robin
  3727 | D:4      | Reached XP level 6. HP: 32/32 MP: 7/7
  3729 | D:4      | Reached skill level 6 in Stealth
  4086 | D:4      | Noticed Eustachio
  4102 | D:4      | Killed Eustachio
  4103 | D:4      | Reached XP level 7. HP: 34/36 MP: 8/8
  4538 | D:5      | Entered Level 5 of the Dungeon
  4538 | D:5      | Found an iron altar of Okawaru.
  4545 | D:5      | Noticed Sigmund
  5248 | D:5      | Reached skill level 7 in Stealth
  5277 | D:5      | Gained mutation: You have razor-sharp teeth. [Vine Stalker
                  | growth]
  5277 | D:5      | Reached XP level 8. HP: 42/42 MP: 9/9
  5288 | D:5      | Killed Sigmund
  5301 | D:5      | Reached skill level 11 in Stealth
  5301 | D:5      | Reached XP level 9. HP: 51/51 MP: 10/10
  5560 | D:5      | Found a glowing golden altar of the Shining One.
  6657 | D:6      | Found a staircase to the Ecumenical Temple.
  6657 | D:6      | Noticed Prince Ribbit
  6666 | D:6      | Killed Prince Ribbit
  6667 | D:6      | Reached skill level 12 in Stealth
  6672 | Temple   | Entered the Ecumenical Temple
  6840 | Temple   | Became a worshipper of Uskayaw the Reveller
  6908 | D:6      | Reached * piety under Uskayaw
  7229 | D:6      | Noticed Blork the orc
  7233 | D:6      | Reached ** piety under Uskayaw
  7235 | D:6      | Reached *** piety under Uskayaw
  7236 | D:6      | Killed Blork the orc
  7315 | D:6      | Found a white marble altar of Elyvilon.
  7650 | D:7      | Found an ornate altar of the Wu Jian Council.
  7728 | D:7      | Reached XP level 10. HP: 56/56 MP: 11/11
  7778 | D:7      | Noticed a two-headed ogre
  7788 | D:7      | Reached **** piety under Uskayaw
  7792 | D:7      | Reached ***** piety under Uskayaw
  8039 | D:7      | Killed a two-headed ogre
  8040 | D:7      | Reached skill level 5 in Throwing
  8473 | D:8      | Found a staircase to the Lair.
  8487 | Lair:1   | Entered Level 1 of the Lair of Beasts
  8537 | Lair:1   | Noticed a cane toad
  8555 | Lair:1   | Killed a cane toad
  8644 | Lair:1   | Noticed a cane toad
  8654 | Lair:1   | Killed a cane toad
  8663 | Lair:1   | Noticed a cane toad
  8668 | Lair:1   | Reached ****** piety under Uskayaw
  8683 | Lair:1   | Killed a cane toad
  9123 | Lair:1   | Reached XP level 11. HP: 60/60 MP: 12/12
  9260 | Lair:1   | Noticed Urug
  9279 | Lair:1   | Killed Urug
  9280 | Lair:1   | Reached skill level 13 in Stealth
  9405 | Lair:1   | Identified the +4 ring mail "Eduk Qou" {*Corrode rElec
                  | Str+6 Stlth+}
  9455 | Lair:1   | Reached skill level 5 in Dodging
 10041 | Lair:2   | Noticed a boulder beetle
 10059 | Lair:2   | Killed a boulder beetle
 10851 | Lair:2   | Noticed a bog body
 10852 | Lair:2   | Found a staircase to the Swamp.
 10852 | Lair:2   | Noticed a bog body
 10863 | Lair:2   | Killed a bog body
 10865 | Lair:2   | Killed a bog body
 10866 | Lair:2   | Reached XP level 12. HP: 67/67 MP: 13/13
 11113 | Lair:2   | Found a blossoming altar of Fedhas.
 11284 | Lair:3   | Reached skill level 14 in Stealth
 11285 | Lair:3   | Noticed a seven-headed hydra
 11757 | Lair:3   | Found a staircase to the Snake Pit.
 11888 | Lair:3   | Killed a seven-headed hydra
 12471 | Lair:4   | Identified the +0 leather armour "Exuu" {Str-5 Dex+3 Slay+5
                  | Stlth+}
 12522 | Lair:4   | Reached skill level 10 in Short Blades
 12530 | Lair:4   | Reached skill level 10 in Fighting
 12719 | Lair:4   | Noticed a four-headed hydra
 12720 | Lair:4   | Noticed a four-headed hydra
 12854 | Lair:4   | Killed a four-headed hydra
 12855 | Lair:4   | Reached skill level 1 in Invocations
 12860 | Lair:4   | Killed a four-headed hydra
 12862 | Lair:4   | Noticed a five-headed hydra
 12870 | Lair:4   | Killed a five-headed hydra
 12915 | Lair:4   | Noticed a death yak
 12915 | Lair:4   | Noticed a death yak
 12915 | Lair:4   | Noticed a death yak
 12921 | Lair:4   | Noticed a death yak
 12931 | Lair:3   | Killed a death yak
 13126 | Lair:4   | Noticed a death yak
 13126 | Lair:4   | Noticed a death yak
 13201 | Lair:4   | Killed a death yak
 13202 | Lair:4   | Reached XP level 13. HP: 72/72 MP: 15/15
 13241 | Lair:4   | Reached skill level 15 in Stealth
 13301 | Lair:4   | Found a staircase to the Slime Pits.
 13385 | Lair:4   | Noticed Sonja
 13392 | Lair:4   | Killed Sonja
 13748 | Lair:5   | Entered Level 5 of the Lair of Beasts
 14931 | Lair:5   | Reached skill level 5 in Invocations
 15241 | Lair:5   | Reached skill level 16 in Stealth
 15537 | Lair:5   | Reached XP level 14. HP: 79/79 MP: 19/19
 15846 | Lair:5   | Learned a level 2 spell: Wereblood
 16088 | Lair:5   | Found a corrupted altar of Lugonu.
 16088 | Lair:5   | Found a one-way gate to the infinite horrors of the Abyss.
 16197 | Lair:5   | Reached skill level 1 in Transmutations
 17440 | D:8      | Found a broken altar of Ashenzari.
 18042 | D:9      | Found a staircase to the Orcish Mines.
 18229 | D:9      | Found Vucw's Armour Emporium.
 18235 | D:9      | Bought a +2 buckler of reflection for 222 gold pieces
 18735 | D:10     | Entered Level 10 of the Dungeon
 18735 | D:10     | Found a stormy altar of Qazlal.
 18983 | D:10     | Learned a level 2 spell: Blink
 19015 | D:10     | Found a shadowy altar of Dithmenos.
 19319 | D:10     | Identified the +1 leather armour of the Resonant God {rN+
                  | Will- MP+9}
 19432 | D:11     | Reached skill level 1 in Armour
 19544 | D:11     | Identified the +6 long sword of Purpose {flame, rElec
                  | Str+3}
 19631 | D:11     | Found a frozen archway.
 20148 | D:11     | Found a shimmering blue altar of Sif Muna.
 20207 | D:12     | Noticed Nergalle
 20225 | D:12     | Killed Nergalle
 20226 | D:12     | Reached skill level 1 in Translocations
 20441 | D:12     | a shining eye changed into a quicksilver ooze
 20441 | D:12     | Noticed a quicksilver ooze (glowing shapeshifter)
 20441 | D:12     | Noticed Chaicat's ghost (journeyman HOFi)
 20445 | D:12     | a quicksilver ooze changed into an emperor scorpion
 20445 | D:12     | Noticed an emperor scorpion (glowing shapeshifter)
 20446 | D:12     | an emperor scorpion changed into a storm dragon
 20446 | D:12     | Noticed a storm dragon (glowing shapeshifter)
 20457 | D:12     | a storm dragon changed into a dire elephant
 20457 | D:12     | Noticed a dire elephant (glowing shapeshifter)
 20463 | D:12     | a dire elephant changed into a stone giant
 20463 | D:12     | Noticed a stone giant (glowing shapeshifter)
 20472 | D:12     | a stone giant changed into a sphinx
 20472 | D:12     | Noticed a sphinx (glowing shapeshifter)
 20483 | D:12     | a sphinx changed into a quicksilver dragon
 20483 | D:12     | Noticed a quicksilver dragon (glowing shapeshifter)
 20495 | D:12     | a quicksilver dragon changed into a fenstrider witch
 20495 | D:12     | Noticed a fenstrider witch (glowing shapeshifter)
 20747 | D:12     | Noticed a quicksilver ooze
 20748 | D:12     | Found a transporter.
 20748 | D:12     | a quicksilver ooze changed into a goliath frog
 20751 | D:12     | Found a transporter.
 20782 | D:12     | Found Rutaosk's Assorted Antiques.
 20798 | D:12     | Noticed Psyche
 20803 | D:12     | Killed Psyche
 20962 | D:12     | Reached skill level 17 in Stealth
 21275 | D:13     | Noticed Kirke
 21509 | D:13     | Found a gate to the Vaults.
 21537 | D:13     | Found a shadowy altar of Dithmenos.
 21593 | D:13     | Identified the +3 halberd of Division {venom, rPois Int+4
                  | Stlth-}
 21674 | D:13     | Killed Kirke
 21711 | D:13     | Reached XP level 15. HP: 84/84 MP: 21/21
 21943 | D:14     | Found a gate leading to a gauntlet.
 21966 | Gauntlet | Entered a Gauntlet
 21966 | Gauntlet | Found a transporter.
 21979 | Gauntlet | Found a transporter.
 21995 | Gauntlet | Found a transporter.
 21999 | Gauntlet | Found a large runed translucent door.
 21999 | Gauntlet | Found a large runed translucent door.
 22001 | Gauntlet | Found a large runed translucent door.
 22001 | Gauntlet | Found a large runed translucent door.
 22001 | Gauntlet | Found a large runed translucent door.
 22002 | Gauntlet | Found a runed translucent door.
 22003 | Gauntlet | Found a transporter.
 22004 | Gauntlet | Found a runed translucent door.
 22005 | Gauntlet | Found a large runed translucent door.
 22005 | Gauntlet | Found a large runed translucent door.
 22005 | Gauntlet | Found a large runed translucent door.
 22006 | Gauntlet | Found a large runed translucent door.
 22007 | Gauntlet | Found a large runed translucent door.
 22014 | Gauntlet | Found a large runed translucent door.
 22014 | Gauntlet | Found a large runed translucent door.
 22015 | Gauntlet | Found a large runed translucent door.
 22015 | Gauntlet | Found a large runed translucent door.
 22015 | Gauntlet | Found a large runed translucent door.
 22015 | Gauntlet | Found a large runed translucent door.
 22019 | Gauntlet | Found a runed translucent gate.
 22019 | Gauntlet | Found a runed translucent gate.
 22019 | Gauntlet | Found a runed translucent gate.
 22021 | Gauntlet | Found a transporter.
 22031 | Gauntlet | Found the +3 Mad Mage's Maulers {Infuse+∞ RegenMP Int-3}
 22041 | Gauntlet | Found a transporter.
 22052 | Gauntlet | Noticed a balrug
 22053 | Gauntlet | Found a transporter.
 22065 | Gauntlet | Found a transporter.
 22066 | Gauntlet | Found the +2 hat of the Bear Spirit {Spirit, *Rage Will++}
 22077 | Gauntlet | Found a transporter.
 22089 | Gauntlet | Found a transporter.
 22129 | Gauntlet | Found a transporter.
 22131 | Gauntlet | Found a transporter.
 22133 | Gauntlet | Found a transporter.
 22161 | Gauntlet | Found a transporter.
 22165 | Gauntlet | Found a transporter.
 22193 | Gauntlet | Found a transporter.
 22293 | Gauntlet | Found a transporter.
 22362 | Gauntlet | Got the Commentary on Shadows
 22873 | Gauntlet | Identified the ring of Happiness {rCorr Stlth+}
 22899 | Gauntlet | Identified the +1 acid dragon scales "Qur Ruc" {Will++
                  | rCorr}
 22907 | Gauntlet | Got Saupn's Catalogue of the Voyage
 22909 | Gauntlet | Identified a scroll of acquirement
 22909 | Gauntlet | Acquired the amulet "Daubluq" {Reflect rPois rN+ SH+5}
 23126 | D:14     | Reached skill level 5 in Transmutations
 23373 | D:14     | Found an opulent altar of Gozag.
 23384 | D:14     | Found Zariurem's Jewellery Boutique.
 24023 | D:15     | Entered Level 15 of the Dungeon
 24265 | D:15     | Reached skill level 1 in Spellcasting
 24266 | D:15     | Reached skill level 1 in Shields
 24451 | D:15     | Found a staircase to the Depths.
 24688 | D:15     | Reached skill level 5 in Translocations
 25196 | Orc:1    | Entered Level 1 of the Orcish Mines
 25351 | Orc:1    | Noticed an orc warlord
 25428 | Orc:1    | Killed an orc warlord
 25662 | Orc:1    | Found Ypner's Book Shoppe.
 25686 | Orc:1    | Noticed Erolcha
 25713 | Orc:1    | Killed Erolcha
 25903 | Orc:2    | Entered Level 2 of the Orcish Mines
 25936 | Orc:2    | Found Batrer's Weapon Shop.
 25949 | Orc:2    | Reached skill level 5 in Armour
 25954 | Orc:2    | Found Foroan's Antique Weapon Emporium.
 25954 | Orc:2    | Found Nebroa's Armour Boutique.
 25954 | Orc:2    | Found Sigaropn's Jewellery Emporium.
 25972 | Orc:2    | Reached XP level 16. HP: 89/91 MP: 23/23
 26021 | Orc:2    | Bought an iridescent long sword for 153 gold pieces
 26021 | Orc:2    | Identified the +2 long sword of Invincibility {distort, rC+
                  | Dex+5} (You bought it in a shop on level 2 of the Orcish
                  | Mines)
 26021 | Orc:2    | Bought a glowing dagger for 90 gold pieces
 26023 | Orc:2    | Bought the ring of Jeunysec {Dex+4 SInv} for 395 gold
                  | pieces
 26090 | Orc:2    | Found a staircase to the Elven Halls.
 26536 | Snake:1  | Entered Level 1 of the Snake Pit
 26536 | Snake:1  | Found Niukkomi's Jewellery Shoppe.
 26569 | Snake:1  | Reached skill level 5 in Spellcasting
 26581 | Snake:1  | Reached skill level 5 in Shields
 26733 | Snake:1  | Noticed Mlioglotl
 26744 | Snake:1  | Killed Mlioglotl
 27047 | Snake:1  | Found Timoesk's Assorted Antiques.
 27068 | Snake:1  | Bought an amethyst potion for 34 gold pieces
 27068 | Snake:1  | Bought a long bone wand for 152 gold pieces
 27793 | Snake:2  | Reached skill level 15 in Fighting
 28830 | Snake:3  | Reached XP level 17. HP: 95/99 MP: 25/25
 28952 | Snake:3  | Noticed Aizul
 28967 | Snake:3  | Killed Aizul
 29984 | Snake:3  | Found a transporter.
 29987 | Snake:3  | Found a bloodstained altar of Trog.
 29999 | Snake:3  | Found a transporter.
 30184 | Snake:3  | Noticed Bupsiose's ghost (adept DrCj)
 30424 | Snake:4  | Entered Level 4 of the Snake Pit
 30703 | Snake:4  | Found Xameneush's Jewellery Shop.
 30704 | Snake:4  | Found Lolofu's Book Shoppe.
 30706 | Snake:4  | Found Ybladwor's Jewellery Shop.
 30798 | Snake:4  | Identified the +1 leather armour of Ahym {rElec}
 31163 | Snake:4  | Found a sacrificial altar of Ru.
 31174 | Snake:4  | Noticed Mara
 31181 | Snake:4  | Killed Mara
 32109 | Snake:4  | Reached skill level 1 in Evocations
 32685 | Snake:4  | Slain by a salamander mystic

Illustrated notes

Levels and vault maps discovered:
D:1:      dpeg_arrival_lava_altar, layout_basic,
          chequers_ecumenical_altar_simple_redux, chequers_hall_statues_y,
          nrook_campfire, kennysheep_minor_cross, st_stairs_11
D:2:      layout_basic, kennysheep_generic_room_4
D:3:      layout_loops_ring
D:4:      layout_cave_pods, uniq_robin, uniq_eustachio
D:5:      layout_basic, mainiacjoe_overflow_tiny_flanked,
          mainiacjoe_overflow_paths, uniq_sigmund
D:6:      layout_loops_ring, kennysheep_mini, minmay_temple_entry_hall,
          uniq_prince_ribbit1, uniq_blork_the_orc
D:7:      layout_loops_ring, kennysheep_mini_moat
D:8:      layout_loops_cross, ashenzari_conservatory_becter, lair_entry_dummy,
          serial_rivers, chequers_serial_rivers_small_a,
          chequers_serial_rivers_room_a, chequers_serial_rivers_micro_b,
          chequers_serial_rivers_marsh, chequers_serial_rivers_micro_a,
          minmay_misc_feat_rugged, minmay_checkerbox
D:9:      layout_irregular_city, hiddenorc1_lemuel, serial_shops, shop,
          chequers_big_river
D:10:     layout_roguey [special_room_orc], nicolae_qazlal_scattered_showers,
          mainiacjoe_overflow_24_doors, minmay_misc_feat_pillars
D:11:     layout_basic, portal_ice_cave_rime, nicolae_sif_muna_little_library
D:12:     layout_irregular_city, serial_shops, shop, gammafunk_ghost_arena,
          uniq_psyche, uniq_nergalle
D:13:     layout_roguey, david_vaults_1, grunt_dithmenos_smoke, uniq_kirke
D:14:     layout_cave_pods, gauntlet_entry_generic, grunt_gozag_statues,
          serial_shops, shop, fungi_pond_lemuel, drop_trap, hive_lemuel
D:15:     gammafunk_depths_entry_grave, layout_small_grid, minmay_misc_feat_chi
Temple:   regret_index_temple_generic_petals
Lair:1:   layout_small_grid, grunt_forest_small_clearings, serial_bayou_pond_d,
          infiniplex_staircase_pool_2, serial_bayou_shore_b, uniq_urug
Lair:2:   layout_regular_city, skrybe_swamp_entry_bodies, hangedman_tree_tricks,
          infiniplex_staircase_pool, grunt_megastairs_4
Lair:3:   layout_hall_layers, minmay_snake_entry_guardpost_large
Lair:4:   layout_regular_city, slime_entry_1, serial_bayou_shore_b, uniq_sonja
Lair:5:   hellmonk_lair_end_abyssal_woods, layout_loops_ring, st_stairs_13,
          lemuel_fruit_tree
Snake:1:  layout_cave_pods, serial_shops, nicolae_shop_overgrown_old_shop, shop,
          uniq_mlioglotl
Snake:2:  layout_basic
Snake:3:  layout_misc_corridors, gammafunk_ghost_wrathful_warriors, uniq_aizul
Snake:4:  snake_pit_salamanders_mu, layout_layer_cave, basic_altar,
          minmay_shop_grove, uniq_mara
Orc:1:    layout_caves, serial_shops, shop_fountains, uniq_erolcha
Orc:2:    st_orc_ogre_mass, layout_caves

Skill      XL: |  1  2  3  4  5  6  7  8  9 10 11 12 13 14 15 16 17 |
---------------+----------------------------------------------------+-----
Dodging        | 1 2 3 4 5 6 8 |  8.0
Stealth        | 5 6 7 11 12 13 14 16 17 | 17.6
Short Blades   | 2 3 7 8 9 10 | 10.0
Throwing       | 2 3 4 5 6 7 8 |  8.0
Fighting       | 2 3 7 8 9 10 11 12 13 15 | 15.6
Invocations    | 2 5 7 8 |  8.9
Transmutations | 4 5 7 |  7.4
Armour         | 2 5 |  5.0
Translocations | 3 5 7 |  7.4
Spellcasting   | 4 5 |  5.0
Shields        | 3 5 |  5.0
Evocations     | 2 |  2.1

Action                   |  1- 3 |  4- 6 |  7- 9 | 10-12 | 13-15 | 16-18 || total
-------------------------+-------+-------+-------+-------+-------+-------++-------
Melee: Dagger            |    59 |   152 |   139 |   391 |  1087 |   501 ||  2329
       Bite              |    13 |    43 |    48 |   139 |   478 |   231 ||   952
       Punch             |     1 |     1 |       |       |       |       ||     2
       Long sword        |       |       |       |       |       |     7 ||     7
Throw: Dart              |    28 |    37 |    87 |    35 |    60 |    43 ||   290
       Javelin           |       |       |       |     1 |       |       ||     1
       Boomerang         |       |       |       |       |     2 |     1 ||     3
       Throwing net      |       |       |       |       |     1 |       ||     1
 Cast: Wereblood         |       |       |       |       |     6 |     9 ||    15
       Blink             |       |       |       |       |       |     3 ||     3
Invok: Stomp             |       |       |       |       |       |     1 ||     1
       Line Pass         |       |       |       |       |       |     1 ||     1
Evoke: Wand              |       |       |     3 |    11 |    24 |     5 ||    43
       Lightning rod     |       |       |       |       |     4 |     3 ||     7
  Use: Scroll            |       |     7 |    11 |     9 |    14 |     7 ||    48
       Potion            |       |       |     1 |     1 |     2 |     1 ||     5
 Stab: Sleeping          |     6 |     9 |     9 |    16 |    48 |    29 ||   117
       Paralysed         |       |       |     1 |    21 |    73 |    36 ||   131
       Distracted        |       |       |     1 |       |    16 |     4 ||    21
       Held in net/web   |       |       |       |       |     1 |       ||     1
Armor: Robe              |    10 |    38 |    19 |    37 |       |       ||   104
       Leather armour    |       |       |       |     3 |   113 |    30 ||   146
Dodge: Dodged            |    25 |    82 |    53 |   118 |   365 |   119 ||   762
Block: Buckler           |       |       |       |       |   164 |   184 ||   348
       Reflection        |       |       |       |       |    15 |    13 ||    28

Table legend: (Time is in decaauts)
 A = Elapsed time spent in this place.
 B = Non-inter-level travel time spent in this place.
 C = Inter-level travel time spent in this place.
 D = Time resting spent in this place.
 E = Time spent auto-exploring this place.
 F = Levels seen in this place.
 G = Mean time per level.
                   A        B        C        D        E       F      G
               +--------+--------+--------+--------+--------+-----+--------+
         Total |  32030 |  30814 |   1216 |   9301 |  13713 |  28 | 1143.9 |
       Dungeon |  15469 |  14761 |    708 |   3622 |   7957 |  15 | 1031.3 |
        Temple |    221 |    183 |     38 |      0 |    172 |   1 |  221.0 |
          Lair |   8357 |   8018 |    339 |   3389 |   2442 |   5 | 1671.4 |
     Snake Pit |   5873 |   5775 |     98 |   1842 |   2516 |   4 | 1468.2 |
  Orcish Mines |   1108 |   1077 |     31 |    171 |    624 |   2 |  554.0 |
      Gauntlet |    999 |    999 |      0 |    275 |      0 |   1 |  999.0 |
               +--------+--------+--------+--------+--------+-----+--------+

Top non-repeatable levels by time:
  Lair:5: 2451 daAuts
 Snake:4: 2195 daAuts
  Lair:4: 1720 daAuts
 Snake:2: 1700 daAuts
     D:1: 1645 daAuts
     D:5: 1627 daAuts
  Lair:2: 1504 daAuts
  Lair:1: 1354 daAuts
  Lair:3: 1327 daAuts
     D:9: 1238 daAuts
     D:6: 1170 daAuts
    D:14: 1117 daAuts
     D:2: 1081 daAuts
 Snake:3: 1041 daAuts
    D:12: 1006 daAuts
